 Dungeon Crawl Stone Soup version 0.31-a0-237-g2d982f9f85 (webtiles) character file.

Game seed: 1169028982988512626

105 qw the Shooter (level 4, -2/36 HPs)
             Began as a Minotaur Hexslinger on July 11, 2023.
             Slain by Pargi (5 damage)
             ... in a sewer.
             The game lasted 00:00:59 (1474 turns).

qw the Shooter (Minotaur Hexslinger)                Turns: 1474, Time: 00:01:00

Health: -2/36      AC:  5    Str: 13    XL:     4   Next: 54%
Magic:  4/4        EV: 11    Int: 10    God:
Gold:   78         SH:  0    Dex: 14    Spells: 4/5 levels left

rFire   . . .        Y - +2 sling
rCold   . . .        (no shield)
rNeg    . . .        b - +0 ring mail
rPois   .            (helmet restricted)
rElec   .            (no cloak)
rCorr   .            (no gloves)
SInv    .            (no boots)
Will    .....        (no amulet)
Stlth   +            (no ring)
HPRegen 0.26/turn    (no ring)
MPRegen 0.09/turn

%: no passive effects
@: no status effects
A: horns 2, retaliatory headbutt
a: no special abilities


You were in a sewer.
You visited 1 branch of the dungeon, and saw 3 of its levels.
You also visited: Sewer.

You collected 78 gold pieces.


Innate Abilities, Weirdness & Mutations

You have a pair of horns on your head.
You reflexively headbutt those who attack you in melee.


   Skills:
 - Level 2.0 Fighting
 + Level 4.9 Ranged Weapons
 - Level 1.0 Armour
 - Level 2.1 Dodging
 - Level 1.0 Spellcasting
 - Level 2.0 Hexes


You had 4 spell levels left.
You knew the following spells:

 Your Spells              Type           Power      Damage    Failure   Level
a - Slow                  Hex            16%        N/A       32%         1

Your spell library contained the following spells:

 Spells                   Type           Power      Damage    Failure   Level
 Inner Flame              Hex/Fire       2%         N/A       82%         3
 Portal Projectile        Hex/Tloc       4%         N/A       82%         3
 Cause Fear               Hex            2%         N/A       97%         4

Inventory:

Hand Weapons
 Y - a +2 sling (weapon)
Armour
 b - a +0 ring mail (worn)
Scrolls
 c - a scroll of identify
 j - a scroll of enchant armour
Potions
 a - a potion of berserk rage {unknown}
 i - a potion of mutation {unknown}

Dungeon Overview and Level Annotations

Branches:
Dungeon (3/15)              Sewer (1/1)

Altars:
Vehumet

Shops:
D:1 *

Annotations:
Sewer Pargi


Message History

Pargi barely misses you. Pargi closely misses you. Pargi completely misses you.
You shoot a sling bullet.
The sling bullet completely misses Pargi.
Pargi barely misses you. You furiously retaliate!
You headbutt Pargi. Pargi claws you. Pargi barely misses you.
You shoot a sling bullet. The sling bullet hits Pargi.
Pargi is lightly wounded.
Pargi bites you. Pargi claws you but does no damage. x2
You shoot a sling bullet. The sling bullet hits Pargi.
Pargi is moderately wounded.
Pargi bites you! Pargi claws you but does no damage. Pargi closely misses you.
You shoot a sling bullet. The sling bullet misses Pargi.
Pargi closely misses you. Pargi barely misses you. Pargi closely misses you.
Pargi bites you. Pargi claws you but does no damage. Pargi closely misses you.
You shoot a sling bullet. The sling bullet closely misses Pargi.
Pargi bites you! Pargi claws you. Pargi closely misses you.
You shoot a sling bullet. The sling bullet barely misses Pargi.
Pargi misses you. Pargi claws you but does no damage.
Pargi completely misses you.
You shoot a sling bullet. The sling bullet closely misses Pargi.
Pargi bites you. Pargi claws you but does no damage. Pargi barely misses you.
Pargi looks very sad for a moment.
Pargi bites you! Pargi claws you. Pargi misses you.
You shoot a sling bullet. The sling bullet hits Pargi.
Pargi is lightly wounded.
Pargi closely misses you. Pargi claws you. Pargi closely misses you.
You shoot a sling bullet.
The sling bullet hits Pargi but does no damage.
Pargi is lightly wounded.
Pargi looks very sad for a moment.
Pargi bites you but does no damage. Pargi misses you.
Pargi claws you but does no damage.
You shoot a sling bullet. The sling bullet hits Pargi.
Pargi is lightly wounded.
Pargi barely misses you. Pargi claws you. Pargi claws you but does no damage.
You shoot a sling bullet. The sling bullet hits Pargi.
Pargi is moderately wounded.
Pargi barely misses you. Pargi claws you but does no damage. Pargi claws you.
Pargi bites you.
You die...

#### # ....## ## )
## ~.~~.### #.
).##~. #~.~~.###
#. ##....
#~....###~ ..~..~#
##~..~~...
#....~###
###.~...###~
#~..~~####~..~.###
#.
###T@~.~.....###
#. ###.~....### ##
######## # #


You could see Pargi.

Vanquished Creatures
  A river rat (D:3)
  An adder (D:3)
  A dart slug (D:2)
  4 orcs (D:3)
  5 ball pythons
  5 bats
  7 endoplasms
  5 giant cockroaches
  8 goblins
  6 hobgoblins
  A jackal (Sewer)
  4 kobolds
  11 quokkas
  7 frilled lizards
  4 rats
70 creatures vanquished.

Notes
Turn   | Place    | Note
-------+----------+-------------------------------------------
     0 | D:1      | qw the Minotaur Hexslinger began the quest for the Orb.
     0 | D:1      | Reached XP level 1. HP: 16/16 MP: 1/1
     0 | D:1      | 0 ||| qw: Version: 0.3-a-52-g30416fa
     0 | D:1      | 0 ||| qw: Game counter: 5877
     0 | D:1      | 0 ||| qw: Melee chars always use a shield: true
     0 | D:1      | 0 ||| qw: God list: Okawaru
     0 | D:1      | 0 ||| qw: Allow faded altars: false
     0 | D:1      | 0 ||| qw: Do Orc after clearing Dungeon:15 true
     0 | D:1      | 0 ||| qw: Do second Lair branch before Depths: true
     0 | D:1      | 0 ||| qw: Lair rune preference: random
     0 | D:1      | 0 ||| qw: Goals: Normal
     0 | D:1      | 0 ||| PLANNING D:1-11
    63 | D:1      | Found Qiotumej's Assorted Antiques.
    75 | D:1      | 75 ||| SHOPLISTING scroll labelled FIELICZAIKH (30 gold,
                  | have 0).
   150 | D:1      | Reached skill level 3 in Ranged Weapons
   173 | D:1      | Reached XP level 2. HP: 23/23 MP: 2/2
   457 | D:1      | 457 ||| UPGRADING to +0 leather armour.
   467 | D:1      | 467 ||| DROPPING +0 robe.
   468 | D:1      | 468 ||| READING 2 scrolls labelled BIREASA WAEPH.
   469 | D:1      | 469 ||| READING scroll labelled FECUGAORPHU.
   472 | D:1      | 472 ||| READING 3 scrolls labelled REUDGH MOHARRUA.
   514 | D:1      | 514 ||| READING 2 scrolls labelled ZAAWKA BUSYW.
   515 | D:1      | 515 ||| DROPPING scroll of revelation.
   516 | D:1      | 516 ||| DROPPING scroll of poison.
   517 | D:1      | 517 ||| DROPPING 2 scrolls of torment.
   546 | D:2      | Reached XP level 3. HP: 27/29 MP: 3/3
   646 | D:2      | Found a radiant altar of Vehumet.
   809 | D:2      | Reached skill level 4 in Ranged Weapons
  1068 | D:2      | 1068 ||| UPGRADING to +0 ring mail.
  1078 | D:2      | 1078 ||| DROPPING +0 leather armour.
  1079 | D:2      | 1079 ||| READING scroll labelled FORIAG QE HAJO.
  1080 | D:2      | 1080 ||| READING scroll labelled ADUWKO MYNK.
  1081 | D:2      | 1081 ||| READING scroll labelled NEWAEPT YDACK.
  1082 | D:2      | 1082 ||| READING scroll labelled ROBUUWK TINOTA.
  1083 | D:2      | 1083 ||| DRINKING 2 bubbling red potions.
  1113 | D:3      | 1113 ||| PLANNING SEWER
  1165 | D:3      | Reached skill level 1 in Armour
  1215 | D:3      | Reached XP level 4. HP: 36/36 MP: 4/4
  1345 | D:3      | HP: 7/36 [river rat (7)]
  1346 | D:3      | 1346 ||| DRINKING potion of heal wounds.
  1354 | D:3      | 1354 ||| Stepping ~*~*~tactically~*~*~ (water).
  1403 | D:3      | Found a glowing drain.
  1424 | Sewer    | Entered a sewer
  1458 | Sewer    | Noticed Pargi
  1470 | Sewer    | HP: 7/36 [Pargi (7)]
  1474 | Sewer    | HP: 3/36 [Pargi (1)]
  1474 | Sewer    | Slain by Pargi

Levels and vault maps discovered:
D:1:      dpeg_arrival_morbid_curiosity, layout_basic, serial_shops, shop_statue
D:2:      layout_basic, basic_altar
D:3:      corexii_shack_village, layout_rooms, gup_sewer_entry_bubbles
Sewer:    sewer_the_moccasin

Skill      XL: |  1  2  3 |
---------------+----------+-----
Ranged Weapons | 3 4 |  4.9
Fighting       | 2 |  2.0
Armour         | 1 |  1.0
Dodging        | |  2.1
Spellcasting   | |  1.0
Hexes          | |  2.0

Action                     |  1- 3 |  4- 6 || total
---------------------------+-------+-------++-------
   Fire: Sling             |   140 |    83 ||   223
    Use: Scroll            |     8 |       ||     8
         Potion            |     1 |     1 ||     2
 Armour: Leather armour    |    13 |       ||    13
         Ring mail         |     2 |    20 ||    22
  Dodge: Dodged            |    39 |    46 ||    85

Table legend:
 A = Non-vault XP
 B = Vault XP
 C = Vault XP percentage of total XP
 D = Non-vault monster count
 E = Vault monster count
 F = Vault count percentage of total count
                 A         B        C        D         E       F
            +---------+---------+-------+---------+---------+-------
      Total |     101 |      50 |  33.1 |      51 |      19 |  27.1
            +---------+---------+-------+---------+---------+-------
        D:1 |      30 |      10 |  25.0 |      17 |       5 |  22.7
        D:2 |      43 |       0 |   0.0 |      25 |       0 |   0.0
        D:3 |      28 |      38 |  57.6 |       9 |      13 |  59.1
      Sewer |       0 |       2 | 100.0 |       0 |       1 | 100.0
            +---------+---------+-------+---------+---------+-------
